 Dungeon Crawl Stone Soup version 0.23-a0-577-g2b1de94 (webtiles) character file.

280 Lavandula the Cutter (level 6, -8/36 HPs)
             Began as a Halfling Enchanter on Dec 14, 2018.
             Killed by nerve-wracking pain
             ... invoked by Grinder
              (11 damage)
             ... while paralysed by Grinder
             ... on level 5 of the Dungeon.
             The game lasted 00:13:43 (3055 turns).

Lavandula the Cutter (Halfling Enchanter)           Turns: 3055, Time: 00:13:44

Health: -8/36      AC:  3    Str:  9    XL:     6   Next: 52%
Magic:  8/8        EV:  3    Int: 15    God:
Gold:   62         SH:  0    Dex: 15    Spells: 0/8 levels left

rFire    . . .     SeeInvis .   a - +1 dagger
rCold    . . .     Gourm    .   (shield restricted)
rNeg     . . .     Faith    .   b - +0 robe
rPois    .         Spirit   .   f - +0 helmet
rElec    .         Reflect  .   (no cloak)
rCorr    .         Harm     .   (no gloves)
MR       .....                  (no boots)
Stlth    ++........             (no amulet)
HPRegen  0.12/turn              (no ring)
MPRegen  0.11/turn              (no ring)

@: paralysed, lethally poisoned (-8 -> -19), drained
A: small, mutation resistance 1
a: no special abilities


You were on level 5 of the Dungeon.
You were very hungry.

You visited 1 branch of the dungeon, and saw 5 of its levels.
You also visited: Sewer.

You collected 62 gold pieces.

Inventory:

Hand Weapons
 a - a +1 dagger (weapon)
 o - a +0 blowgun
Missiles
 p - 10 poisoned needles
Armour
 b - a +0 robe (worn)
 f - a +0 helmet (worn)
Jewellery
 i - an uncursed amulet of harm
Wands
 r - a wand of disintegration (13)
Scrolls
 c - a scroll of remove curse {unknown}
 e - 4 scrolls of fear {unknown}
 l - 2 scrolls of identify {unknown}
 m - 4 scrolls of teleportation {unknown}
 q - a scroll of fog {unknown}
 s - 2 scrolls of random uselessness {unknown}
Potions
 g - a potion of curing
 h - 3 potions of heal wounds {unknown}
 j - 3 potions of ambrosia {unknown}
 k - a potion of degeneration {unknown}
 n - a potion of might
 t - a potion of lignification {unknown}
Comestibles
 d - 6 rations


   Skills:
 - Level 5.4 Short Blades
 - Level 2.1 Dodging
 - Level 3.2 Stealth
 - Level 1.5 Spellcasting
 - Level 2.4 Hexes
 + Level 3.2 Necromancy


You couldn't memorise any spells.
You knew the following spells:

 Your Spells              Type           Power        Failure   Level  Hunger
a - Corona                Hex            #......      9%          1    ##.....
b - Ensorcelled Hibernat  Hex/Ice        #.....       22%         2    ###....
c - Vampiric Draining     Necr           ##........   19%         3    ####...
d - Pain                  Necr           ##..         6%          1    ##.....
e - Animate Skeleton      Necr           N/A          6%          1    ##.....

Your spell library contained the following spells:

 Spells                   Type           Power        Failure   Level  Hunger
 Confuse                  Hex            #.......     26%         3    ####...
 Tukima's Dance           Hex            #.......     26%         3    ####...
 Regeneration             Chrm/Necr      #.........   36%         3    ####...
 Dazzling Spray           Conj/Hex       #.....       38%         3    ####...
 Animate Dead             Necr           N/A          52%         4    #####..


Dungeon Overview and Level Annotations

Branches:
Dungeon (5/15)
 Temple: D:4-7

Altars:
Ashenzari
Dithmenos
Fedhas
Sif Muna

Annotations:
D:5 Grinder


Innate Abilities, Weirdness & Mutations

You are small and have problems with some larger weapons.
You are somewhat resistant to further mutation.


Message History

Grinder struggles to resist.
Grinder gestures at you.
You suddenly lose the ability to move!
Grinder blinks!
Grinder hits you!
You writhe in agony.
You can move again.
Unknown command.
Grinder blinks!
The scorpion stings you!
* * * LOW HITPOINT WARNING * * *
Grinder gestures at you.
You suddenly lose the ability to move!
The scorpion stings you.
* * * LOW HITPOINT WARNING * * *
The scorpion stings you.
* * * LOW HITPOINT WARNING * * *
You are lethally poisoned!
The scorpion poisons you! Grinder gestures at you.
Pain shoots through your body!
You die...

#.........# #...........
##.##'##.#####...P......P
#..#...#.......#.........
##.'...+.#.........P..P.
#..#...#...............
###.##+##.#............
#......................
#.#.#.#.#.#............
#........@s............
##########.............
#...5.........#
#.............#
#[............#
#.............#
#.(.......###..
##.......## ##.......#


You could see Grinder and a scorpion.

Vanquished Creatures
  Blork the orc (D:4)
  2 hounds (D:4)
  A worker ant (D:5)
  8 adders
  A worm (D:3)
  A dart slug (D:1)
  2 leopard geckos
  5 giant cockroaches
  3 goblins (D:1)
  3 hobgoblins
  7 jackals
  4 ball pythons
  4 bats
  6 frilled lizards
  9 kobolds
  6 rats
  2 plants (Sewer)
65 creatures vanquished.

Vanquished Creatures (others)
  3 plants (Sewer)
3 creatures vanquished.

Grand Total: 68 creatures vanquished

Notes
Turn   | Place    | Note
-------+----------+-------------------------------------------
     0 | D:1      | Lavandula the Halfling Enchanter began the quest for the
                  | Orb.
     0 | D:1      | Reached XP level 1. HP: 11/11 MP: 3/3
   232 | D:1      | Reached skill level 2 in Short Blades
   355 | D:1      | Reached XP level 2. HP: 10/17 MP: 4/4
   446 | D:1      | Learned a level 2 spell: Ensorcelled Hibernation
   470 | D:1      | Reached skill level 3 in Short Blades
   565 | D:2      | Reached XP level 3. HP: 15/21 MP: 1/5
   616 | D:2      | Found a shadowy altar of Dithmenos.
  1112 | D:3      | Reached skill level 4 in Short Blades
  1185 | D:4      | Found a blossoming altar of Fedhas.
  1290 | D:4      | Noticed an ogre
  1304 | D:5      | Entered Level 5 of the Dungeon
  1379 | D:4      | Found a glowing drain.
  1411 | D:4      | Noticed an ogre
  1532 | Sewer    | Entered a sewer
  1740 | Sewer    | Reached XP level 4. HP: 25/27 MP: 3/6
  1946 | Sewer    | Reached skill level 5 in Short Blades
  2345 | Sewer    | Reached XP level 5. HP: 18/31 MP: 2/7
  2672 | D:4      | Learned a level 3 spell: Vampiric Draining
  2696 | D:4      | Reached skill level 1 in Necromancy
  2768 | D:4      | Found a shattered altar of Ashenzari.
  2807 | D:4      | Noticed Blork the orc
  2817 | D:4      | Learned a level 1 spell: Pain
  2828 | D:4      | Killed Blork the orc
  2828 | D:4      | Reached XP level 6. HP: 15/36 MP: 1/8
  2837 | D:4      | Found a deep blue altar of Sif Muna.
  2924 | D:4      | Learned a level 1 spell: Animate Skeleton
  3036 | D:5      | Noticed Grinder
  3047 | D:5      | Paralysed by Grinder for 4 turns
  3052 | D:5      | Paralysed by Grinder for 4 turns
  3055 | D:5      | Killed from afar by Grinder

Vault maps used:
D:1:      lightli_arrival_farm
D:2:      minmay_diamond_boxcup, old_standard_altar, uniq_sigmund
D:4:      nicolae_ashenzari_panopticon, tgw_sif, kennysheep_mini_moat,
          gup_sewer_entry_glass, first_ration
D:5:      fiery_altar_vehumet, minmay_temple_entry_poolview,
          minmay_misc_feat_plants, minmay_misc_feat_doors, uniq_grinder
Sewer:    sewer_co_scattered_pipes

Skill      XL: |  1  2  3  4  5  6 |
---------------+-------------------+-----
Short Blades   | 2 3 4 5 |  5.4
Necromancy     | 2 3 |  3.2
Dodging        | |  2.1
Stealth        | |  3.2
Spellcasting   | |  1.5
Hexes          | |  2.4

Action                   |  1- 3 |  4- 6 || total
-------------------------+-------+-------++-------
Melee: Dagger            |   166 |   335 ||   501
 Cast: Corona            |    17 |     4 ||    21
       Ensorcelled Hiber |    12 |    14 ||    26
       Pain              |       |     5 ||     5
Evoke: Wand              |       |     8 ||     8
  Use: Potion            |       |     3 ||     3
 Stab: Sleeping          |     7 |     8 ||    15
       Distracted        |     1 |     2 ||     3
  Eat: Chunk             |     5 |     6 ||    11
Armor: Robe              |    32 |    14 ||    46
Dodge: Dodged            |   117 |    90 ||   207

Table legend:
 A = Non-vault XP
 B = Vault XP
 C = Vault XP percentage of total XP
 D = Non-vault monster count
 E = Vault monster count
 F = Vault count percentage of total count
                 A         B        C        D         E       F
            +---------+---------+-------+---------+---------+-------
      Total |     189 |     211 |  52.8 |      37 |      26 |  41.3
            +---------+---------+-------+---------+---------+-------
        D:1 |      33 |       0 |   0.0 |      20 |       0 |   0.0
        D:2 |      10 |       0 |   0.0 |       6 |       0 |   0.0
        D:3 |      13 |       0 |   0.0 |       5 |       0 |   0.0
        D:4 |      97 |     118 |  54.9 |       4 |       4 |  50.0
        D:5 |      36 |       0 |   0.0 |       2 |       0 |   0.0
      Sewer |       0 |      93 | 100.0 |       0 |      22 | 100.0
            +---------+---------+-------+---------+---------+-------
